 Dungeon Crawl Stone Soup version 0.20.1-1-g8b1a95d (webtiles) character file.

110 manon the Shield-Bearer (level 4, -1/28 HPs)
             Began as a Gargoyle Fighter on Sept 10, 2017.
             Killed by divine providence
             ... invoked by an orc priest
              (13 damage)
             ... on level 3 of the Dungeon.
             The game lasted 00:05:10 (1376 turns).

manon the Shield-Bearer (Gargoyle Fighter)          Turns: 1376, Time: 00:05:11

Health: -1/28      AC: 10    Str: 20    XL:     4   Next: 91%
Magic:  4/4        EV:  7    Int:  9    God:
Gold:   194        SH:  9    Dex:  9    Spells: 2/3 levels left

rFire    . . .     SeeInvis .   a - +0 flail
rCold    . . .     Gourm    .   c - +0 shield
rNeg     + . .     Faith    .   b - +0 scale mail
rPois    ∞         Spirit   .   (no helmet)
rElec    +         Reflect  .   (no cloak)
rCorr    .         Harm     .   (no gloves)
MR       .....                  (no boots)
Stlth    ..........             (no amulet)
Regen    0.1/turn               (no ring)
MPRegen  0.1/turn               (no ring)

@: no status effects
A: negative energy resistance 1, electricity resistance, unbreathing,
petrification resistance, rot immunity, AC +3
a: no special abilities


You were on level 3 of the Dungeon.
You were very hungry.

You visited 1 branch of the dungeon, and saw 3 of its levels.

You collected 194 gold pieces.

Inventory:

Hand Weapons
 a - a +0 flail (weapon)
Missiles
 t - 12 poisoned needles
Armour
 b - a +0 scale mail (worn)
 c - a +0 shield (worn)
Jewellery
 i - an uncursed ring of stealth {unknown}
 l - a cursed ring of loudness {unknown}
 p - a +3 ring of dexterity {unknown}
Scrolls
 e - a scroll of noise {unknown}
 h - 2 scrolls of amnesia
 k - a scroll of enchant weapon {unknown}
 m - a scroll of immolation {unknown}
 o - a scroll of teleportation {unknown}
 u - a scroll of identify
Potions
 d - a potion of might
 j - a potion of degeneration {unknown}
 q - 2 potions of curing {unknown}
 r - a potion of flight {unknown}
 v - a potion of ambrosia {unknown}
Books
 n - a book of Cantrips

   Spells                             Type                      Level
   a - Confusing Touch                Hexes                        1
   b - Animate Skeleton               Necromancy                   1
   c - Summon Small Mammal            Summoning                    1
   d - Apportation                    Translocation                1
 s - a book of Frost

   Spells                             Type                      Level
   a - Freeze                         Ice                          1
   b - Throw Frost                    Conjuration/Ice              2
   c - Ozocubu's Armour               Charms/Ice                   3
   d - Throw Icicle                   Conjuration/Ice              4
   e - Summon Ice Beast               Ice/Summoning                4
Comestibles
 f - 2 bread rations
 g - 2 royal jellies


   Skills:
 - Level 3.2 Fighting
 * Level 3.4 Maces & Flails
 + Level 4.2 Armour
 + Level 4.2 Shields


You had 2 spell levels left.
You knew the following spells:

 Your Spells              Type           Power        Failure   Level  Hunger
a - Apportation           Tloc           #.....       99%         1    ##.....


Dungeon Overview and Level Annotations

Branches:
Dungeon (3/15)

Altars:
Hepliaklqana
Xom


Innate Abilities, Weirdness & Mutations

You are resistant to torment.
Your stone body is resilient. (AC +3)
You are immune to poison.
You resist negative energy. (rN+)
You are resistant to electric shocks. (rElec)
You can survive without breathing.
You are immune to petrification.
You are immune to rotting.


Message History

The orc is moderately wounded.
You block the orc's attack.
An orc priest comes into view. It is wielding a flail.
The orc priest shouts!
You sock the orc!
You kill the orc!
There is an open door, spattered with blood here.
Items here: ))) ††† The orc priest invokes the aid of Beogh against you.
Pain shoots through your body!
The orc priest invokes the aid of Beogh against you.
Beogh smites you!
You are too injured to fight recklessly!
You are too injured to fight recklessly!
You closely miss the orc priest.
The orc priest hits you but does no damage.
Your shield and scale mail prevent you from hitting the orc priest.
The orc priest calls down the wrath of Beogh upon you.
Beogh smites you!
You die...

### #.###
#..<# #.###
#.#
#.#####)####
#..........#
#......@...#
........o..#
#..........#
#..........#
#..........#
#..........#
...........#
#..........#


You could see an orc priest.

Vanquished Creatures
  Terence (D:2)
  3 adders (D:2)
  An ooze (D:2)
  2 dart slugs (D:1)
  A leopard gecko (D:1)
  3 orcs (D:3)
  10 bats
  A giant cockroach (D:1)
  4 goblins
  4 hobgoblins
  6 jackals
  A quokka (D:2)
  2 ball pythons
  3 frilled lizards (D:1)
  2 kobolds (D:2)
  3 rats (D:2)
47 creatures vanquished.

Notes
Turn   | Place    | Note
-------+----------+-------------------------------------------
     0 | D:1      | manon the Gargoyle Fighter began the quest for the Orb.
     0 | D:1      | Reached XP level 1. HP: 14/14 MP: 1/1
   275 | D:1      | Reached XP level 2. HP: 14/19 MP: 2/2
   468 | D:1      | Reached XP level 3. HP: 19/23 MP: 3/3
   820 | D:2      | Found a hazy altar of Hepliaklqana.
   849 | D:2      | Noticed Terence
   868 | D:2      | Killed Terence
   868 | D:2      | Reached XP level 4. HP: 19/28 MP: 4/4
   919 | D:2      | Learned a level 1 spell: Apportation
  1228 | D:2      | Found a shimmering altar of Xom.
  1376 | D:3      | Killed from afar by an orc priest

Skill      XL: |  1  2  3 |
---------------+----------+-----
Shields        | 4 |  4.2
Maces & Flails | 3 |  3.4
Armour         | 4 |  4.2
Fighting       | |  3.2

Action                   |  1- 3 |  4- 6 || total
-------------------------+-------+-------++-------
Melee: Flail             |   123 |   114 ||   237
  Use: Scroll            |       |     1 ||     1
  Eat: Chunk             |       |     1 ||     1
Armor: Scale mail        |    76 |    64 ||   140
Dodge: Dodged            |    66 |    35 ||   101
Block: Shield            |    76 |    67 ||   143
